 Dungeon Crawl Stone Soup version 0.31.0-12-g77e489cdc1 (webtiles) character file.

Game seed: 14933184681006554862

282 Killerpretzel the Changeling (level 6, -1/41 HPs)
             Began as an Octopode Shapeshifter on Mar 2, 2024.
             Slain by an adder (2 damage)
             ... on level 3 of the Dungeon.
             The game lasted 00:07:43 (3196 turns).

Killerpretzel the Changeling (OpSh)                 Turns: 3196, Time: 00:07:43

Health: -1/41      AC:  1    Str: 11    XL:     6   Next: 28%
Magic:  15/15      EV: 14    Int: 18    God:
Gold:   266        SH:  0    Dex: 14    Spells: 5/5 levels left

rFire   . .          .
                       - Unarmed
rCold   . . .        r - orb {*channel}
rNeg    . . .        (helmet currently unavailable)
rPois   +            (no amulet)
rElec   +            l - ring "Zunovy" {rElec rCorr MP+9 Str-2 Int+6}
rCorr   +            o - ring of poison resistance
SInv    .            (no ring)
Will    .....        (no ring)
Stlth   ++           (no ring)
HPRegen 0.26/turn    (no ring)
MPRegen 0.14/turn    (no ring)
                     (no ring)

%: channel magic (20%)
@: lethally poisoned (-1 -> -4), beast-form
A: beast (slay +2), almost no armour, amphibious, 8 rings, camouflage 1,
gelatinous body 1, (nimble swimmer 1), tentacles
a: Begin Untransformation


You were on level 3 of the Dungeon.
You were a hulking beast.
You visited 1 branch of the dungeon, and saw 4 of its levels.

You collected 266 gold pieces.

Inventory:

Missiles
 j - a boomerang (quivered)
Armour
 r - an orb of energy (worn)
Jewellery
 l - the ring "Zunovy" (left tentacle) {rElec rCorr MP+9 Str-2 Int+6}
   (You found it on level 2 of the Dungeon)

   [ring of magical power]

   Str-2:     It affects your strength (-2).
   Int+6:     It affects your intelligence (+6).
   rElec:     It insulates you from electricity.
   MP+9:      It affects your magic capacity (+9).
   rCorr:     It protects you from acid and corrosion.
 o - a ring of poison resistance (right tentacle)
Talismans
 b - a beast talisman
 c - a flux talisman
Wands
 s - a wand of flame (19)
Scrolls
 k - a scroll of teleportation
Potions
 a - 2 potions of lignification
 d - 2 potions of attraction {unknown}
 e - 2 potions of brilliance {unknown}
 f - a potion of ambrosia {unknown}
 g - 6 potions of heal wounds {unknown}
 h - 4 potions of curing {unknown}
 i - a potion of degeneration {unknown}
 n - 2 potions of cancellation {unknown}
 p - a potion of invisibility {unknown}


   Skills:
 + Level 2.7 Fighting
 + Level 3.2 Dodging
 + Level 4.0 Unarmed Combat
 * Level 4.6 Shapeshifting


You had 5 spell levels left.
You didn't know any spells.
Your spell library contained the following spells:

 Spells                   Type           Power      Damage    Failure   Level
 Tukima's Dance           Hex            0%         N/A       75%         3
 Dimensional Bullseye     Hex/Tloc       0%         N/A       98%         4
 Iskenderun's Mystic Bla  Conj/Tloc      0%         2d3       98%         4


Dungeon Overview and Level Annotations

Branches:
Dungeon (4/15)
 Temple: D:4-7

Altars:
Trog

Shops:
D:3 [


Innate Abilities, Weirdness & Mutations

You are a hulking beast.
Your limbs bulge with bestial killing power. (Slay +2)
You cannot wear most types of armour.
You are amphibious.
You can wear up to eight rings at the same time.
Your skin changes colour to match your surroundings (Stealth+).
Your rubbery body absorbs attacks. (AC +1, EV +1)
((You are camouflaged when in or above water. (Stealth+)))
You have tentacles for arms and can constrict up to eight enemies at once.


Message History

No target in view!
No target in view!
No target in view!
Done exploring.
There is a stone staircase leading down here.
You climb downwards.
The orc shouts!
The adder bites you. The ball python misses you.
The ball python closely misses you. The adder bites you.
The adder hisses angrily.
There is a stone staircase leading up here.
You barely miss the adder.
The ball python hisses angrily.
Your grab misses the adder. The adder bites you. The ball python misses you.
The ball python barely misses you. The adder misses you. x2
The ball python misses you. The ball python barely misses you.
You miss the adder. Your grab misses the adder. The adder closely misses you.
The adder bites you. The ball python bites you. The ball python grabs you.
The ball python constricts you. The adder misses you.
You closely miss the adder. Your grab misses the adder. The adder bites you.
The ball python bites you. The ball python constricts you.
The adder barely misses you.
You escape the ball python's grasp.
The adder bites you. The adder barely misses you. The orc barely misses you.
The ball python bites you. The ball python misses you.
You climb upwards.
There is a stone staircase leading down here.
You bludgeon the adder! Your grab misses the adder.
The adder is severely wounded.
The adder bites you. x2
You are poisoned.
The adder poisons you! The ball python closely misses you. x2
The adder bites you. The orc hits you with a +0 war axe!
* * * LOW HITPOINT WARNING * * *
You closely miss the adder. Your grab misses the adder.
The adder is severely wounded.
* * * LOW HITPOINT WARNING * * *
You feel sick. The adder barely misses you.
The ball python barely misses you. x2
The adder bites you.
You die...

#.# ###.# ....# #####
##..####...### #######
##.......#.#.# #.....#
.........#...# #.###.#
#..#.....###.# #.# #.#
#....#...###.###S###.#
................hS...#
#....#.....#...oS..###
.....#...#.#.###.#.#
#....#...#.#<....#.#
#.......##.#.###.#.#
..#..#.....#.....#.#
#.#.....########.#.#
#.#.#..............#
#.#....#.#######.###


You could see 2 adders, an orc and a ball python.

Vanquished Creatures
  A howler monkey (D:4)
  A gnoll bouda (D:3)
  A jelly (D:4)
  An orc priest (D:4)
  An orc wizard (D:4)
  A gnoll (D:4)
  2 adders (D:3)
  3 dart slugs (D:2)
  7 orcs
  3 ball pythons
  4 bats
  5 endoplasms
  3 giant cockroaches
  15 goblins
  8 hobgoblins
  4 jackals (D:3)
  7 quokkas
  6 frilled lizards
  6 kobolds
  5 rats
84 creatures vanquished.

Notes
Turn   | Place    | Note
-------+----------+-------------------------------------------
     0 | D:1      | Killerpretzel the Octopode Shapeshifter began the quest for
                  | the Orb.
     0 | D:1      | Reached XP level 1. HP: 13/13 MP: 1/1
   135 | D:1      | Reached XP level 2. HP: 17/18 MP: 2/2
   352 | D:1      | Reached XP level 3. HP: 22/23 MP: 3/3
   399 | D:1      | Found a faded altar of an unknown god.
  1094 | D:2      | Identified the ring "Zunovy" {rElec rCorr MP+9 Str-2 Int+6}
  1222 | D:2      | Reached XP level 4. HP: 29/29 MP: 4/4
  1601 | D:2      | Identified the +3 ring mail of Golden the Good {Stlth+}
  2075 | D:3      | Found Osiw's Armour Shop.
  2344 | D:3      | Found a bloodstained altar of Trog.
  2814 | D:4      | Reached XP level 5. HP: 34/34 MP: 5/5
  3030 | D:4      | Reached XP level 6. HP: 30/41 MP: 6/6
  3195 | D:3      | HP: 2/41 [orc/+0 war axe (12)]
  3196 | D:3      | Slain by an adder

Illustrated notes

Levels and vault maps discovered:
D:1:      nagdon_arrival_double_spiral, layout_basic,
          hellmonk_ecumenical_altar_zigzags
D:2:      layout_loops_ring, minmay_increasing_density
D:3:      cheibrodos_greedy_goblins, layout_basic, trog_three_pillars_becter,
          serial_shops, nicolae_shop_behind_doors
D:4:      layout_rooms

Skill      XL: |  1  2  3  4  5  6 |
---------------+-------------------+-----
Fighting       | 2 |  2.7
Shapeshifting  | 4 |  4.6
Dodging        | 3 |  3.2
Unarmed Combat | 4 |  4.0

Action                     |  1- 3 |  4- 6 || total
---------------------------+-------+-------++-------
  Melee: Unarmed           |    79 |    87 ||   166
         Constrict         |    17 |    23 ||    40
         Punch             |     1 |     1 ||     2
         Tentacles         |    13 |    14 ||    27
    Use: Scroll            |     1 |     7 ||     8
   Stab: Sleeping          |     5 |     3 ||     8
 Armour: Skin              |    22 |    49 ||    71
  Dodge: Dodged            |    45 |    60 ||   105
